 Dungeon Crawl Stone Soup version 0.25.0-33-gff14898 (webtiles) character file.

Game seed: 14659651684734837856

176 Gadfly the Magician (level 5, -1/28 HPs)
             Began as a Deep Elf Venom Mage on July 6, 2020.
             Slain by an orc
             ... wielding a +0 hand axe
              (5 damage)
             ... on level 4 of the Dungeon on July 7, 2020.
             The game lasted 00:07:59 (3825 turns).

Gadfly the Magician (Deep Elf Venom Mage)           Turns: 3825, Time: 00:08:00

Health: -1/28      AC:  4    Str:  2 (5)  XL:     5   Next: 30%
Magic:  11/13      EV: 14    Int: 20 (21) God:
Gold:   249        SH:  0    Dex: 14 (15) Spells: 2/12 levels left

rFire    . . .     SeeInvis .   f - +0 hand axe
rCold    + . .     Gourm    .   (no shield)
rNeg     . . .     Faith    .   a - +1 robe
rPois    .         Spirit   .   (no helmet)
rElec    .         Reflect  .   (no cloak)
rCorr    .         Harm     .   (no gloves)
MR       .....                  l - +0 pair of boots
Stlth    +.........             (no amulet)
HPRegen  0.09/turn              h - ring of protection from cold
MPRegen  0.13/turn              (no ring)

@: confused, lethally poisoned (-1 -> -4), very slightly contaminated, hasted,
very quick
A: no striking features
a: no special abilities


You were on level 4 of the Dungeon.
You were not hungry.

You visited 1 branch of the dungeon, and saw 4 of its levels.

You collected 249 gold pieces.

Inventory:

Hand Weapons
 f - a +0 hand axe (weapon)
Armour
 a - a +1 robe (worn)
 l - a +0 pair of boots (worn)
Jewellery
 h - a ring of protection from cold (left hand)
Scrolls
 d - a scroll of identify
 k - a scroll of fear
 o - a scroll of immolation
 p - a scroll of blinking
Potions
 b - a potion of haste
 g - a potion of degeneration
 j - 3 potions of brilliance
 m - a potion of berserk rage {unknown}
 n - a potion of cancellation {unknown}
 q - 2 potions of might {unknown}
Comestibles
 c - 8 rations
 i - 9 chunks of flesh


   Skills:
 + Level 0.4 Fighting
 * Level 3.7 Dodging
 - Level 2.4 Stealth
 * Level 4.3 Spellcasting
 * Level 2.7 Transmutations
 * Level 1.4 Fire Magic
 * Level 4.2 Poison Magic


You had 2 spell levels left.
You knew the following spells:

 Your Spells              Type           Power        Failure   Level  Hunger
a - Sting                 Tmut/Pois      ###.         3%          1    None
b - Poisonous Vapours     Pois/Air       ##....       8%          2    #......
c - Ignite Poison         Fire/Tmut/Pois ###.....     12%         3    ###....
d - Olgreb's Toxic Radia  Pois           ###.....     22%         4    ####...

Your spell library contained the following spells:

 Spells                   Type           Power        Failure   Level  Hunger
 Mephitic Cloud           Conj/Pois/Air  #.......     22%         3    ###....
 Confusing Touch          Hex            #.......     36%         3    ###....
 Gell's Gravitas          Tloc           #.........   36%         3    ###....
 Petrify                  Tmut/Erth      #.......     56%         4    ####...
 Yara's Violent Unravell  Hex/Tmut       #.........   89%         5    ######.
 Metabolic Englaciation   Hex/Ice        #.........   98%         5    ######.


Dungeon Overview and Level Annotations

Branches:
Dungeon (4/15)
 Temple: D:4-7

Altars:
Fedhas
Wu Jian

Shops:
D:4 %


Message History

You are very lightly contaminated with residual magic.
You feel rather nauseous for a moment!
You are poisoned.
Ouch! That really hurt!
You feel sick. The orc barely misses you. The orc hits you with a +0 hand axe.
* * * LOW HITPOINT WARNING * * *
* * * LOW HITPOINT WARNING * * *
You feel sick.
It was a potion of haste.
You feel yourself speed up. The orc barely misses you.
It was a potion of degeneration.
There was something very wrong with that liquid.
You feel weakened.
You feel dopey.
You feel clumsy. The orc closely misses you.
It was a potion of ambrosia.
You are confused.
You feel invigorated.
* * * LOW HITPOINT WARNING * * *
You feel sick. The orc hits you with a +0 hand axe.
You die...

###+# #.#.##. ##...##
#.#.##. ##.....##
##...... ##.......##
##.##.###
#.........####...#.###
+(....)...'...........
#.........####........
#.......## ##..#.##.
##..@..## #.....##.
##.oo## #.#.####.
##o## #.#...... #o..#
#.####### o###.# #.#
.. # #.# ##. #.# ..
..# #. ###


You could see 5 orcs.

Vanquished Creatures
  A hound (D:4)
  A hound skeleton (D:2)
  3 adders
  An ooze (D:1)
  3 worms
  A dart slug (D:1)
  3 leopard geckos
  10 orcs
  4 giant cockroaches
  4 goblins
  5 hobgoblins
  5 jackals
  6 kobolds
  3 quokkas
  5 bats (D:1)
  3 frilled lizards (D:1)
  A quokka skeleton (D:4)
  23 rats
82 creatures vanquished.

Notes
Turn   | Place    | Note
-------+----------+-------------------------------------------
     0 | D:1      | Gadfly the Deep Elf Venom Mage began the quest for the Orb.
     0 | D:1      | Reached XP level 1. HP: 10/10 MP: 6/6
   106 | D:1      | Reached XP level 2. HP: 12/15 MP: 2/8
   110 | D:1      | Learned a level 2 spell: Poisonous Vapours
   819 | D:1      | You fall into a shaft and drop 1 floor!
   931 | D:1      | Reached XP level 3. HP: 16/19 MP: 7/10
   936 | D:1      | Learned a level 3 spell: Ignite Poison
  1320 | D:2      | Found an ornate altar of the Wu Jian Council.
  1894 | D:2      | Reached XP level 4. HP: 24/24 MP: 7/11
  2227 | D:2      | Learned a level 4 spell: Olgreb's Toxic Radiance
  2680 | D:3      | Found a faded altar of an unknown god.
  2688 | D:3      | Reached skill level 1 in Fire Magic
  2914 | D:4      | Found a blossoming altar of Fedhas.
  2940 | D:4      | Reached XP level 5. HP: 20/28 MP: 5/13
  3292 | D:4      | Found Ojasazeurph's Food Emporium.
  3825 | D:4      | Slain by an orc

Illustrated notes

Levels and vault maps discovered:
D:1:      lightli_arrival_flooded_house, layout_rooms
D:2:      layout_loops_cross, nicolae_overflow_crystal_walls, first_ration
D:3:      layout_rooms, chequers_ecumenical_altar_simple_redux, minmay_bisected
D:4:      layout_loops_corners, fedhas_altar_2, serial_shops, shop,
          minmay_rat_hole

Skill      XL: |  1  2  3  4 |
---------------+-------------+-----
Dodging        | 3 |  3.7
Transmutations | 2 |  2.7
Spellcasting   | 4 |  4.3
Poison Magic   | 4 |  4.2
Fire Magic     | 1 |  1.4
Fighting       | |  0.4
Stealth        | |  2.4

Action                   |  1- 3 |  4- 6 || total
-------------------------+-------+-------++-------
Melee: Unarmed           |     5 |       ||     5
       Hand axe          |    31 |    23 ||    54
       Dagger            |       |    22 ||    22
 Cast: Sting             |    27 |    10 ||    37
       Poisonous Vapours |    24 |    16 ||    40
       Ignite Poison     |       |     4 ||     4
       Olgreb's Toxic Ra |       |     3 ||     3
  Use: Scroll            |     5 |     6 ||    11
       Potion            |       |     3 ||     3
 Stab: Sleeping          |     1 |       ||     1
  Eat: Chunk             |     4 |     7 ||    11
Armor: Robe              |    10 |    12 ||    22
Dodge: Dodged            |    41 |    42 ||    83
